APP
OAKLAND (APP) ATHLETICS @ BLUEFIELD BLUE JAYS
08/05/2045
 
TOP OF THE 1ST
Oakland (APP) Athletics batting - Pitching for Bluefield Blue Jays : RHP Brian Bailes
Pitching: RHP Brian Bailes
Batting: SHB Robert Santiago 0-0: Swinging Strike
0-1: Ball
1-1: Called Strike
1-2: Ball
2-2: Ball
3-2: Base on Balls
Batting: RHB Matt Sherard 0-0: Ball
Robert Santiago is caught stealing 2nd base 2-4
1-0: Ball
2-0: Ball
3-0: Base on Balls
Batting: LHB Tom Raupp 0-0: Ball
Matt Sherard steals 2nd, throwing error, E2
Matt Sherard to third
1-0: 2-RUN HOME RUN (Flyball, 8LXD, EV 117.5 MPH), Distance : 476 ft
Batting: RHB Matt Black 0-0: Ball
1-0: Ball
2-0: Swinging Strike
2-1: Swinging Strike
2-2: Strikes out looking
Batting: RHB Moses Brokken 0-0: Called Strike
0-1: Ball
1-1: Ball
2-1: Called Strike
2-2: Ball
3-2: Foul Ball, location: 2F
3-2: Strikes out swinging
Top of the 1st over - 2 runs, 1 hit, 1 error, 0 left on base; Oakland (APP) 2 - Bluefield 0
BOTTOM OF THE 1ST
Bluefield Blue Jays batting - Pitching for Oakland (APP) Athletics : RHP Emilio Gonzalez
Pitching: RHP Emilio Gonzalez
Batting: RHB Tokuji Kawabata 0-0: Foul Ball, location: 2F
0-1: Called Strike
0-2: Ball
1-2: Strikes out looking
Batting: RHB Frank Caulfield 0-0: Ball
1-0: Ball
2-0: Ball
3-0: Base on Balls
Batting: RHB Chris Martin 0-0: Ball
Frank Caulfield is caught stealing 2nd base 2-4
1-0: Ball
2-0: Called Strike
2-1: Ball
3-1: Foul Ball, location: 2F
3-2: Base on Balls
Batting: LHB Frank Nelson 0-0: Ball
Wild Pitch!
Chris Martin to second
1-0: Ball
2-0: Ball
3-0: Base on Balls
Batting: RHB Jose Ontiveros 0-0: Ground out 4-3 (Groundball, 34, EV 91.9 MPH)
Bottom of the 1st over - 0 runs, 0 hits, 0 errors, 2 left on base; Oakland (APP) 2 - Bluefield 0
TOP OF THE 2ND
Oakland (APP) Athletics batting - Pitching for Bluefield Blue Jays : RHP Brian Bailes
Batting: LHB Miguel Torres 0-0: Ball
1-0: Foul Ball, location: 2F
1-1: Swinging Strike
1-2: Ball
2-2: Foul Ball, location: 2F
2-2: Ball
3-2: Foul Ball, location: 2F
3-2: Fly out, F8 (Line Drive, 8LM, EV 96.2 MPH)
Batting: RHB Zack DiCicco 0-0: Foul Ball, location: 2F
0-1: Foul Ball, location: 2F
0-2: DOUBLE (Flyball, 8LXD, EV 100.0 MPH)
Batting: RHB Gabe Gutierrez 0-0: Ball
1-0: Ground out 6-3 (Groundball, 6S, EV 63.8 MPH)
Zack DiCicco to third
Batting: RHB Brian Callaghan 0-0: Called Strike
0-1: Foul Ball, location: 2F
0-2: Strikes out swinging
Top of the 2nd over - 0 runs, 1 hit, 0 errors, 1 left on base; Oakland (APP) 2 - Bluefield 0
BOTTOM OF THE 2ND
Bluefield Blue Jays batting - Pitching for Oakland (APP) Athletics : RHP Emilio Gonzalez
Batting: LHB Chaim Huting 0-0: Ball
1-0: Foul Ball, location: 2F
1-1: DOUBLE (Flyball, 89D, EV 105.6 MPH)
Batting: RHB Norm Mercer 0-0: Ball
1-0: Ball
2-0: Called Strike
2-1: Ball
3-1: Base on Balls
Batting: RHB Bobby Lasaguna 0-0: Ball
1-0: Fly out, F8 (Flyball, 8LXD, EV 100.6 MPH)
Runner from 2nd tags up, SAFE at 3rd, no throw by CF
Batting: RHB Ed Swafford 0-0: Ball
1-0: Swinging Strike
1-1: Fly out, F7 (Line Drive, 7, EV 93.8 MPH)
Batting: RHB Tokuji Kawabata 0-0: Fielders Choice at 2nd, 6-4 (Groundball, 6, EV 102.5 MPH)
Bottom of the 2nd over - 0 runs, 1 hit, 0 errors, 2 left on base; Oakland (APP) 2 - Bluefield 0
TOP OF THE 3RD
Oakland (APP) Athletics batting - Pitching for Bluefield Blue Jays : RHP Brian Bailes
Batting: SHB Robert Santiago 0-0: Ball
1-0: Called Strike
1-1: Called Strike
1-2: Strikes out looking
Batting: RHB Matt Sherard 0-0: Ball
1-0: Ball
2-0: Called Strike
2-1: Ball
3-1: Foul Ball, location: 2F
3-2: Base on Balls
Batting: LHB Tom Raupp 0-0: Ball
Matt Sherard steals 2nd base
1-0: Ball
2-0: Swinging Strike
2-1: Called Strike
Matt Sherard steals 3rd base
2-2: Strikes out swinging
Batting: RHB Matt Black 0-0: Called Strike
0-1: Called Strike
0-2: Ball
1-2: Ball
Passed Ball!
Matt Sherard scores
2-2: Fly out, F2 (Popup, 15S, EV 90.0 MPH)
Top of the 3rd over - 1 run, 0 hits, 0 errors, 0 left on base; Oakland (APP) 3 - Bluefield 0
BOTTOM OF THE 3RD
Bluefield Blue Jays batting - Pitching for Oakland (APP) Athletics : RHP Emilio Gonzalez
Batting: RHB Frank Caulfield 0-0: Called Strike
0-1: Called Strike
0-2: Hit by Pitch
Batting: RHB Chris Martin 0-0: Called Strike
Frank Caulfield steals 2nd base
0-1: Ball
1-1: Foul Ball, location: 2F
1-2: Foul Ball, location: 2F
1-2: Ball
2-2: Foul Ball, location: 2F
2-2: Fly out, F9 (Flyball, 9S, EV 90.0 MPH)
Batting: LHB Frank Nelson 0-0: Ground out 6-3 (Groundball, 6, EV 85.6 MPH)
Frank Caulfield to third
Batting: RHB Jose Ontiveros 0-0: Ball
1-0: Foul Ball, location: 2F
1-1: Ball
2-1: SINGLE (Flyball, 89S, EV 90.0 MPH)
Frank Caulfield scores
Batting: LHB Chaim Huting 0-0: Ball
1-0: Ball
2-0: Swinging Strike
2-1: Swinging Strike
2-2: Ball
3-2: Foul Ball, location: 2F
3-2: Ground out 3-1 (Groundball, 34S, EV 91.2 MPH)
Bottom of the 3rd over - 1 run, 1 hit, 0 errors, 1 left on base; Oakland (APP) 3 - Bluefield 1
TOP OF THE 4TH
Oakland (APP) Athletics batting - Pitching for Bluefield Blue Jays : RHP Brian Bailes
Batting: RHB Moses Brokken 0-0: Ball
1-0: Foul Ball, location: 2F
1-1: Ball
2-1: Foul Ball, location: 2F
2-2: Ball
3-2: Base on Balls
Batting: LHB Miguel Torres 0-0: Ball
1-0: Called Strike
Moses Brokken steals 2nd base
1-1: Fly out, F7 (Flyball, 7LS, EV 97.5 MPH)
Batting: RHB Zack DiCicco 0-0: Ball
1-0: Ball
2-0: Foul Ball, location: 2F
2-1: Swinging Strike
2-2: Foul Ball, location: 2F
2-2: Foul Ball, location: 2F
2-2: Foul Ball, location: 2F
2-2: Ground out 2-3 (Groundball, 15S, EV 68.8 MPH)
Moses Brokken to third
Batting: RHB Gabe Gutierrez 0-0: Called Strike
0-1: Fly out, F7 (Flyball, 7D, EV 98.1 MPH)
Top of the 4th over - 0 runs, 0 hits, 0 errors, 1 left on base; Oakland (APP) 3 - Bluefield 1
BOTTOM OF THE 4TH
Bluefield Blue Jays batting - Pitching for Oakland (APP) Athletics : RHP Emilio Gonzalez
Batting: RHB Norm Mercer 0-0: Called Strike
0-1: Ball
1-1: Swinging Strike
1-2: Foul Ball, location: 2F
1-2: Strikes out swinging
Batting: RHB Bobby Lasaguna 0-0: Ball
1-0: Ball
2-0: Called Strike
2-1: Ball
3-1: Called Strike
3-2: Strikes out swinging
Batting: RHB Ed Swafford 0-0: Hit by Pitch
Batting: RHB Tokuji Kawabata 0-0: Ball
Ed Swafford steals 2nd base
1-0: Called Strike
1-1: Ball
2-1: Ball
3-1: Called Strike
3-2: Base on Balls
Batting: RHB Frank Caulfield 0-0: Ball
1-0: Ball
2-0: Foul Ball, location: 2F
2-1: Foul Ball, location: 2F
2-2: Foul Ball, location: 2F
2-2: Ground out 5-3 (Groundball, 56S, EV 76.2 MPH)
Bottom of the 4th over - 0 runs, 0 hits, 0 errors, 2 left on base; Oakland (APP) 3 - Bluefield 1
TOP OF THE 5TH
Oakland (APP) Athletics batting - Pitching for Bluefield Blue Jays : RHP Brian Bailes
Batting: RHB Brian Callaghan 0-0: Swinging Strike
0-1: Ball
1-1: Called Strike
1-2: Strikes out swinging
Batting: SHB Robert Santiago 0-0: Swinging Strike
0-1: Foul Ball, location: 2F
0-2: Strikes out looking
Batting: RHB Matt Sherard 0-0: Ball
1-0: Ball
2-0: Foul Ball, location: 2F
2-1: Foul Ball, location: 2F
2-2: Ball
3-2: Foul Ball, location: 2F
3-2: Ground out 6-3 (Groundball, 6, EV 87.5 MPH)
Top of the 5th over - 0 runs, 0 hits, 0 errors, 0 left on base; Oakland (APP) 3 - Bluefield 1
BOTTOM OF THE 5TH
Bluefield Blue Jays batting - Pitching for Oakland (APP) Athletics : RHP Emilio Gonzalez
Batting: RHB Chris Martin 0-0: Called Strike
0-1: Foul Ball, location: 2F
0-2: SOLO HOME RUN (Flyball, 78XD, EV 108.1 MPH), Distance : 433 ft
Batting: LHB Frank Nelson 0-0: Foul Ball, location: 2F
0-1: Foul Ball, location: 2F
0-2: Ball
1-2: Fly out, F4 (Line Drive, 4, EV 70.6 MPH)
Batting: RHB Jose Ontiveros 0-0: Ball
1-0: Ball
2-0: Foul Ball, location: 2F
2-1: Ball
3-1: Called Strike
3-2: Foul Ball, location: 2F
3-2: Strikes out looking
Batting: LHB Chaim Huting 0-0: Ball
1-0: Ball
2-0: Called Strike
2-1: Ball
3-1: Foul Ball, location: 2F
3-2: Strikes out looking
Bottom of the 5th over - 1 run, 1 hit, 0 errors, 0 left on base; Oakland (APP) 3 - Bluefield 2
TOP OF THE 6TH
Oakland (APP) Athletics batting - Pitching for Bluefield Blue Jays : RHP Brian Bailes
Batting: LHB Tom Raupp 0-0: Called Strike
0-1: Swinging Strike
0-2: Fly out, F6 (Popup, 4MD, EV 50.0 MPH)
Batting: RHB Matt Black 0-0: Ball
1-0: Called Strike
1-1: Ground out 4-3 (Groundball, 4, EV 76.2 MPH)
Batting: RHB Moses Brokken 0-0: Called Strike
0-1: SINGLE (Groundball, 56D, EV 106.9 MPH)
Pitching: RHP Matt Still
Batting: LHB Miguel Torres 0-0: Called Strike
Moses Brokken is caught stealing 2nd base 2-6
Top of the 6th over - 0 runs, 1 hit, 0 errors, 0 left on base; Oakland (APP) 3 - Bluefield 2
BOTTOM OF THE 6TH
Bluefield Blue Jays batting - Pitching for Oakland (APP) Athletics : RHP Emilio Gonzalez
Batting: RHB Norm Mercer 0-0: Called Strike
0-1: Ball
1-1: Ball
2-1: Foul Ball, location: 2F
2-2: Foul Ball, location: 2F
2-2: SOLO HOME RUN (Flyball, 7D, EV 96.2 MPH), Distance : 391 ft
Pitching: RHP Mike Danielson
Batting: RHB Bobby Lasaguna 0-0: Ball
1-0: Foul Ball, location: 2F
1-1: Ball
2-1: Ball
3-1: Foul Ball, location: 2F
3-2: Fly out, F8 (Line Drive, 8RD, EV 92.5 MPH)
Batting: LHB Lothar Middelkoop 0-0: Foul Ball, location: 2F
0-1: Ball
1-1: Called Strike
1-2: Strikes out swinging
Batting: RHB Tokuji Kawabata 0-0: Called Strike
0-1: Called Strike
0-2: Ball
1-2: Strikes out swinging
Bottom of the 6th over - 1 run, 1 hit, 0 errors, 0 left on base; Oakland (APP) 3 - Bluefield 3
TOP OF THE 7TH
Oakland (APP) Athletics batting - Pitching for Bluefield Blue Jays : RHP Matt Still
Batting: LHB Miguel Torres 0-0: Ball
1-0: Foul Ball, location: 2F
1-1: SINGLE (Groundball, 6D, EV 93.8 MPH)
Pinch Hitting: LHB Nick Pacheco 0-0: Called Strike
0-1: Foul Ball, location: 2F
0-2: Ball
1-2: Ball
2-2: 2-RUN HOME RUN (Flyball, 9D, EV 98.1 MPH), Distance : 377 ft
Batting: RHB Gabe Gutierrez 0-0: SINGLE (Line Drive, 9LS, EV 105.0 MPH)
Batting: RHB Brian Callaghan 0-0: Sac Bunt to 2R - play at first, batter OUT! 2-3
Gabe Gutierrez to second
Batting: SHB Robert Santiago 0-0: Ball
1-0: Ball
2-0: Ball
3-0: Base on Balls
Batting: RHB Matt Sherard 0-0: Called Strike
0-1: Foul Ball, location: 2F
0-2: Strikes out swinging
Pitching: LHP Mike Oakes
Batting: LHB Tom Raupp 0-0: Ball
1-0: Ball
2-0: Fly out, F8 (Flyball, 8LXD, EV 105.0 MPH)
Top of the 7th over - 2 runs, 3 hits, 0 errors, 2 left on base; Oakland (APP) 5 - Bluefield 3
BOTTOM OF THE 7TH
Bluefield Blue Jays batting - Pitching for Oakland (APP) Athletics : RHP Mike Danielson
Now at 2B: Colin Coleman
Batting: RHB Frank Caulfield 0-0: SINGLE (Groundball, 56D, EV 101.9 MPH)
Batting: RHB Chris Martin 0-0: Called Strike
0-1: Called Strike
Frank Caulfield is caught stealing 2nd base 2-4
0-2: Ball
1-2: Ball
2-2: Strikes out swinging
Batting: LHB Frank Nelson 0-0: Ball
1-0: Called Strike
1-1: Foul Ball, location: 2F
1-2: Fly out, F8 (Flyball, 8LS, EV 91.2 MPH)
Bottom of the 7th over - 0 runs, 1 hit, 0 errors, 0 left on base; Oakland (APP) 5 - Bluefield 3
TOP OF THE 8TH
Oakland (APP) Athletics batting - Pitching for Bluefield Blue Jays : LHP Mike Oakes
Pitching: LHP Bruce Knight
Batting: RHB Matt Black 0-0: Swinging Strike
0-1: Ball
1-1: Called Strike
1-2: Foul Ball, location: 2F
1-2: Strikes out looking
Batting: RHB Moses Brokken 0-0: Called Strike
0-1: Ball
1-1: Ground out 4-3 (Groundball, 4, EV 97.5 MPH)
DELAY Rain delay of 64 minutes in the 8th inning.
Batting: LHB Miguel Torres 0-0: Ball
1-0: Ball
2-0: Foul Ball, location: 2F
2-1: Fly out, F9 (Flyball, 89D, EV 105.0 MPH)
Top of the 8th over - 0 runs, 0 hits, 0 errors, 0 left on base; Oakland (APP) 5 - Bluefield 3
BOTTOM OF THE 8TH
Bluefield Blue Jays batting - Pitching for Oakland (APP) Athletics : RHP Mike Danielson
Pitching: RHP Joe Spampinato
Now at 1B: Cy Ostrowski
Now in RF: Mike Adams
Batting: RHB Jose Ontiveros 0-0: Ball
1-0: Ball
2-0: Ball
3-0: Base on Balls
Batting: LHB Chaim Huting 0-0: Foul Ball, location: 2F
0-1: Swinging Strike
0-2: Ball
1-2: Strikes out swinging
Pinch Hitting: LHB Roger Escareno 0-0: Ball
1-0: Ball
2-0: Fielders Choice at 2nd, 4-6 (Groundball, 4, EV 80.0 MPH)
Batting: RHB Bobby Lasaguna 0-0: Called Strike
0-1: Swinging Strike
0-2: Foul Ball, location: 2F
0-2: Ball
1-2: Foul Ball, location: 2F
1-2: Strikes out looking
Bottom of the 8th over - 0 runs, 0 hits, 0 errors, 1 left on base; Oakland (APP) 5 - Bluefield 3
TOP OF THE 9TH
Oakland (APP) Athletics batting - Pitching for Bluefield Blue Jays : LHP Bruce Knight
Pitching: RHP Pat Powell
Now at 2B: Frank Caulfield
Now at 3B: Roger Escareno
Batting: RHB Colin Coleman 0-0: Ground out U3 (Groundball, 13, EV 90.0 MPH)
Batting: RHB Gabe Gutierrez 0-0: Called Strike
0-1: Swinging Strike
0-2: Ball
1-2: SINGLE (Line Drive, 7S, EV 88.1 MPH)
Batting: RHB Brian Callaghan 0-0: Called Strike
0-1: 2-RUN HOME RUN (Flyball, 78XD, EV 98.8 MPH), Distance : 413 ft
Batting: SHB Robert Santiago 0-0: Ball
1-0: Ball
2-0: Ball
3-0: Base on Balls
Batting: RHB Matt Sherard 0-0: Swinging Strike
0-1: Called Strike
0-2: Strikes out looking
Batting: LHB Cy Ostrowski 0-0: Ball
Robert Santiago is caught stealing 2nd base 2-6
Top of the 9th over - 2 runs, 2 hits, 0 errors, 0 left on base; Oakland (APP) 7 - Bluefield 3
BOTTOM OF THE 9TH
Bluefield Blue Jays batting - Pitching for Oakland (APP) Athletics : RHP Joe Spampinato
Pitching: RHP Jake Gregor
Batting: LHB Lothar Middelkoop 0-0: Called Strike
0-1: Ball
1-1: Called Strike
1-2: Ball
2-2: Ball
3-2: Strikes out looking
Batting: RHB Tokuji Kawabata 0-0: Called Strike
0-1: Ball
1-1: Ball
2-1: Ball
3-1: Foul Ball, location: 2F
3-2: Strikes out swinging
Batting: RHB Frank Caulfield 0-0: Called Strike
0-1: Swinging Strike
0-2: Foul Ball, location: 2F
0-2: Foul Ball, location: 2F
0-2: Foul Ball, location: 2F
0-2: Strikes out swinging
Bottom of the 9th over - 0 runs, 0 hits, 0 errors, 0 left on base; Oakland (APP) 7 - Bluefield 3
Wednesday, June 22nd , 2022 - OOTP Baseball 23.4 Build 64